 Dungeon Crawl Stone Soup version 0.30-a0-325-gb515db48ae (webtiles) character file.

Game seed: 2612383302269701603

32162 Angani the Green Death (level 13, -6/111 HPs)
             Began as a Pale Draconian Brigand on Oct 27, 2022.
             Was a High Priest of Fedhas.
             Killed from afar by an ice dragon (35 damage)
             ... with a blast of cold
             ... on level 4 of the Lair of Beasts on Oct 28, 2022.
             The game lasted 00:36:26 (12455 turns).

Angani the Green Death (Pale Draconian Brigand)    Turns: 12455, Time: 00:36:26

Health: -6/111     AC: 12    Str: 19    XL:     13   Next: 29%
Magic:  18/22      EV: 15    Int: 12    God:    Fedhas [*****.]
Gold:   504        SH:  0    Dex: 12    Spells: 12/12 levels left

rFire   + . .      SeeInvis .    z - +5 trident (freeze)
rCold   . . .      Faith    .    (no shield)
rNeg    . . .      Spirit   .    (body armour unavailable)
rPois   .          Reflect  .    (helmet restricted)
rElec   .          Harm     .    G - +2 cloak
rCorr   .          Rampage  .    (no gloves)
Will    +....                    v - +0 pair of boots of Trial and Error {Regen+}
Stlth   ++........               (no amulet)
HPRegen 1.18/turn                R - ring of willpower
MPRegen 0.18/turn                C - ring of protection from fire

@: no status effects
A: breathe steam, AC +8, unfitting armour, cold-blooded, steam resistance
a: Breathe Steam, Renounce Religion, Wall of Briars, Grow Ballistomycete,
Overgrow, Grow Oklob


You were on level 4 of the Lair of Beasts.
You worshipped Fedhas.
Fedhas was extremely pleased with you.
You visited 2 branches of the dungeon, and saw 15 of its levels.
You also visited: Sewer.

You collected 812 gold pieces.
You spent 308 gold pieces at shops.

Inventory:

Hand Weapons
 j - the +3 long sword "Luatif" {holy, rC+ Int+6 Stlth-}
   (You bought it in a shop on level 3 of the Dungeon)

   It has been blessed by the Shining One to cause great damage to the undead
   and demons.
   Int:       It affects your intelligence (+6).
   rC:        It protects you from cold.
   Stlth:     It makes you less stealthy.
 z - a +5 trident of freezing (weapon)
 J - a +2 glaive of protection
Missiles
 a - 100 stones
 c - 43 poisoned darts
 d - 5 curare-tipped darts
 i - 19 boomerangs (quivered)
 m - 9 silver boomerangs
 B - 3 javelins
 Q - 4 atropa-tipped darts
Armour
 v - the +0 pair of boots of Trial and Error (worn) {Regen+}
   (You found it on level 2 of the Dungeon)

   Regen:     It increases your rate of health regeneration.
 G - a +2 cloak (worn)
 V - the +1 pair of boots of Inaction {*Corrode rF+++ rN+ Str+3}
   (You found it on level 11 of the Dungeon)

   Str:       It affects your strength (+3).
   rF:        It renders you almost immune to fire.
   rN:        It protects you from negative energy.
   *Corrode:  It may corrode you when you take damage.
Magical Staves
 l - a staff of fire
Jewellery
 e - a ring of magical power
 s - a ring of fire
 C - a ring of protection from fire (right hand)
 K - a ring of resist corrosion
 R - a ring of willpower (left hand)
 W - a +6 ring of dexterity
Wands
 k - a wand of paralysis (18)
 w - a wand of roots (4)
 S - a wand of mindburst (5)
 U - a wand of digging (4)
 Y - a wand of polymorph (14)
 Z - a wand of light (5)
Scrolls
 b - a scroll of enchant weapon
 f - 3 scrolls of blinking
 q - 8 scrolls of teleportation
 y - 5 scrolls of butterflies
 E - 5 scrolls of poison
 L - a scroll of fear
 M - 2 scrolls of enchant armour
 N - 3 scrolls of immolation
 O - 4 scrolls of magic mapping
 T - a scroll of identify
 X - a scroll of silence
Potions
 g - 2 potions of brilliance
 h - a potion of mutation {unknown}
 n - 4 potions of heal wounds
 o - 2 potions of berserk rage {unknown}
 p - 6 potions of curing
 r - 4 potions of lignification
 t - 3 potions of ambrosia
 u - 2 potions of invisibility
 x - 2 potions of resistance {unknown}
 A - 12 potions of flight
 D - a potion of might {unknown}
 F - a potion of attraction {unknown}
 H - a potion of magic
 P - 3 potions of degeneration {unknown}
Miscellaneous
 I - a box of beasts


   Skills:
 + Level 9.6 Fighting
 - Level 2.0 Short Blades
 - Level 11.4 Polearms
 - Level 10.9 Throwing
 + Level 7.8 Dodging
 - Level 3.6 Stealth
 - Level 12.2 Invocations


You had 12 spell levels left.
You didn't know any spells.
Your spell library contained the following spells:

 Spells                   Type           Power      Damage    Failure   Level
 Foxfire                  Conj/Fire      0%         2x1d4     32%         1
 Sting                    Tmut/Pois      0%         1d3       32%         1
 Poisonous Vapours        Pois/Air       0%         N/A       45%         2
 Olgreb's Toxic Radiance  Pois           0%         N/A       97%         4
 Blade Hands              Tmut           0%         N/A       100%        5
 Fireball                 Conj/Fire      0%         3d3       100%        5
 Iskenderun's Battlesphe  Conj           0%         2d6       100%        5
 Conjure Ball Lightning   Conj/Air       0%         3x3d6     100%        6
 Iron Shot                Conj/Erth      0%         9d1       100%        6
 Starburst                Conj/Fire      0%         6d3       100%        6
 Orb of Destruction       Conj           0%         9d5       100%        7
 Animate Armour           Summ/Erth      Unusable   N/A       N/A         4

Dungeon Overview and Level Annotations

Branches:
Dungeon (12/15)            Temple (0/1) D:5            Lair (2/5) D:10
    Orc (0/2) D:12          Sewer (visited)
  Swamp: Lair:2-3    Shoals: Lair:2-3     Snake: Lair:2-3    Spider: Lair:2-3

Altars:
Ashenzari
Cheibriados
Dithmenos
Fedhas
Hepliaklqana
Ru
Sif Muna
Yredelemnul
Zin
Lugonu

Shops:
D:1 [   D:3 (   D:6 (   D:7 [   D:12 (

Portals:
Abyss: Lair:2
Ice
Cave: Lair:4

Annotations:
D:9 exclusion: door
D:12 2 transporters, Forip Xumo's ghost, journeyman NaIE


Innate Abilities, Weirdness & Mutations

You can breathe blasts of scalding, opaque steam.
Your pale cyan-grey scales are hard. (AC +8)
You cannot fit into any form of body armour.
You are cold-blooded and may be slowed by cold attacks.
You are immune to the effects of steam.


Message History

The ice dragon bites your briar patch but does no damage.
The ice dragon claws your briar patch but does no damage.
The ice dragon tramples your briar patch but does no damage.
Unknown command.
You are too injured to fight recklessly!
You are too injured to fight recklessly!
Unknown command.
Throw: 19 boomerangs
Press: ? - help, Q - select action, (/) - cycle Shift-Dir - straight line, f - ice dragon
Aim: an ice dragon (lightly wounded, ally target, 73% to hit)
You throw a boomerang. Fedhas protects your plant from harm.
The boomerang hits the ice dragon!!
The ice dragon is moderately wounded.
The ice dragon breathes frost at you.
The blast of cold hits your briar patch!!
The blast of cold hits you!!
* * * LOW HITPOINT WARNING * * *
Unknown command.
You walk carefully through the plants.
The ice dragon bites your briar patch. The ice dragon claws your briar patch!
Your briar patch is destroyed!
Your briar patch disappears in a puff of smoke!
The ice dragon breathes frost at you.
The blast of cold hits your briar patch!
The blast of cold hits you!
* * * LOW HITPOINT WARNING * * *
You feel much better.
Unknown command.
The ice dragon bites your briar patch but does no damage.
The ice dragon claws your briar patch.
The ice dragon tramples your briar patch.
Unknown command.
The ice dragon breathes frost at you.
The blast of cold hits your briar patch!!!
Your briar patch is destroyed!
Your briar patch disappears in a puff of smoke!
The blast of cold hits you!!
You die...
Fedhas appreciates your contribution to the ecosystem.

*,,.....................^...
*,,.........................
*,<.......................(.
*,,.........†...............
*,,...P...[.....#...........
*,*####P.##..##..#..#####...
*** #####.######### #.....
#..## ##..<# ##.@.# *#...#
#.#.## #..... ##...#
**#...## ###§# **.....# #D##
*,.....# ##h## *,,,,,** ##.#
*,,,,** #§## **,,,,* *#†#
*,,,,,*


You could see an ice dragon (catching breath) and a polar bear.

Vanquished Creatures
  Nessos (D:12)
  A fire dragon (D:11)
  An ogre mage (D:11)
  3 death yaks (D:10)
  5 two-headed ogres
  2 centaur warriors
  A boulder beetle (D:11)
  Sonja (Lair:1)
  2 deep elf pyromancers (D:11)
  An ugly thing (D:11)
  3 cyclopes
  2 manticores (D:12)
  3 black mambas
  5 elephants (Lair:4)
  An unseen horror (D:10)
  3 komodo dragons
  2 cane toads
  A freezing wraith (D:11)
  5 trolls
  3 polar bears (Lair:4)
  8 blink frogs
  Eustachio (D:5)
  4 shadows
  15 yaks
  A vampire (D:11)
  6 wraiths
  3 wyverns
  2 basilisks
  5 vampire mosquitoes (D:12)
  Edmund (D:4)
  3 acid dragons
  4 water moccasins
  6 orc warriors
  2 black bears (D:6)
  3 ogres (D:5)
  2 wolves (Lair:4)
  4 centaurs
  A phantom (D:6)
  Blork the orc (D:4)
  4 kobold brigands
  A necrophage (D:6)
  9 bullfrogs
  2 scorpions
  13 wights
  A water moccasin zombie (D:4)
  4 killer bees (D:9)
  9 howler monkeys
  2 hounds
  3 jellies
  An orc priest (D:10)
  An iguana (D:5)
  Natasha (twice) (D:4)
  6 orc wizards
  A hell rat (D:10)
  A merfolk siren (Sewer)
  A merfolk avatar (Sewer)
  Robin (D:4)
  13 adders
  6 river rats
  2 shadow imps
  A white imp (D:6)
  A worm (D:6)
  2 dart slugs
  16 orcs
  3 bats (D:1)
  6 endoplasms
  2 giant cockroaches
  15 goblins
  6 hobgoblins
  6 jackals
  17 kobolds
  9 quokkas
  11 ball pythons
  3 frilled lizards
  24 rats
  A lurking horror (Lair:2)
324 creatures vanquished.

Vanquished Creatures (collateral kills)
  Josephine (D:10)
  A hydra (D:11)
  A cane toad (Lair:4)
  2 wraiths (D:10)
  A river rat (D:10)
  7 ballistomycete spores (D:10)
13 creatures vanquished.

Vanquished Creatures (others)
  A fungus (Lair:4)
  2 plants
3 creatures vanquished.

Grand Total: 340 creatures vanquished

Notes
Turn   | Place    | Note
-------+----------+-------------------------------------------
     0 | D:1      | Angani the Draconian Brigand began the quest for the Orb.
     0 | D:1      | Reached XP level 1. HP: 17/17 MP: 1/1
   249 | D:1      | Found Befu's Armour Shop.
   348 | D:1      | Reached XP level 2. HP: 24/24 MP: 2/2
   919 | D:2      | Reached XP level 3. HP: 28/29 MP: 3/3
  1204 | D:1      | Bought a +0 pair of boots for 54 gold pieces
  1372 | D:2      | Reached skill level 1 in Polearms
  1391 | D:2      | Identified the +0 pair of boots of Trial and Error {Regen+}
  1472 | D:2      | Found a faded altar of an unknown god.
  1480 | D:2      | Prayed at the altar of an unknown god.
  1480 | D:2      | Became a worshipper of Fedhas Madash
  1480 | D:2      | Reached * piety under Fedhas
  1999 | D:3      | Found Matifoer's Antique Weapon Shoppe.
  2285 | D:4      | Reached XP level 4. HP: 36/36 MP: 4/4
  2326 | D:4      | Noticed Robin
  2352 | D:4      | Killed Robin
  2353 | D:4      | Reached skill level 1 in Invocations
  2387 | D:4      | Reached ** piety under Fedhas
  2415 | D:4      | Noticed Edmund
  2445 | D:4      | Killed Edmund
  2446 | D:4      | Reached skill level 2 in Invocations
  2446 | D:4      | Reached XP level 5. HP: 41/41 MP: 6/6
  2485 | D:4      | Noticed Blork the orc
  2499 | D:4      | HP: 2/41 [Blork the orc/+2 mace of protection (4)]
  2502 | D:4      | Killed Blork the orc
  2503 | D:4      | Reached XP level 6. HP: 35/48 MP: 8/8
  2615 | D:4      | Noticed Natasha
  2630 | D:4      | Killed Natasha
  2648 | D:4      | Reached skill level 3 in Invocations
  3281 | D:5      | Entered Level 5 of the Dungeon
  3336 | D:5      | Found a staircase to the Ecumenical Temple.
  3359 | D:5      | Reached skill level 4 in Invocations
  3359 | D:5      | Your scales start taking on a pale cyan-grey colour.
  3359 | D:5      | Reached XP level 7. HP: 49/55 MP: 10/10
  3359 | D:5      | Gained mutation: You are immune to the effects of steam.
                  | [Pale Draconian growth]
  3510 | D:5      | Reached skill level 5 in Throwing
  3527 | D:5      | Noticed a troll
  3534 | D:5      | Killed a troll
  3535 | D:5      | Reached skill level 5 in Invocations
  3589 | D:5      | Noticed Eustachio
  3604 | D:5      | Killed Eustachio
  3605 | D:5      | Reached skill level 5 in Polearms
  3605 | D:5      | Reached XP level 8. HP: 60/61 MP: 12/12
  3875 | D:6      | Found Wuak's Weapon Shop.
  3901 | D:6      | Found a glowing drain.
  3911 | Sewer    | Entered a sewer
  3994 | Sewer    | Reached *** piety under Fedhas
  4219 | D:6      | Reached skill level 6 in Invocations
  4245 | D:4      | Noticed Natasha
  4249 | D:4      | Killed Natasha
  4293 | D:3      | Bought a slimy long sword for 170 gold pieces
  4293 | D:3      | Identified the +3 long sword "Luatif" {holy, rC+ Int+6
                  | Stlth-} (You bought it in a shop on level 3 of the Dungeon)
  4440 | D:6      | Reached **** piety under Fedhas
  4771 | D:6      | Found a broken altar of Ashenzari.
  4782 | D:6      | Reached XP level 9. HP: 39/65 MP: 14/14
  4783 | D:6      | Reached skill level 7 in Invocations
  4853 | D:6      | Found a shimmering blue altar of Sif Muna.
  4855 | D:6      | Found a shadowy altar of Dithmenos.
  4860 | D:6      | Found a basalt altar of Yredelemnul.
  4866 | D:6      | Found a glowing silver altar of Zin.
  5438 | D:7      | Found a snail-covered altar of Cheibriados.
  5441 | D:7      | Found Cheibriados's Comfort Zone.
  5718 | D:7      | Noticed a two-headed ogre
  5725 | D:7      | Killed a two-headed ogre
  5726 | D:7      | Reached skill level 8 in Invocations
  5808 | D:7      | You fall into a shaft and drop 3 floors!
  5808 | D:10     | Entered Level 10 of the Dungeon
  5965 | D:10     | Noticed a two-headed ogre
  5988 | D:10     | Killed a two-headed ogre
  5989 | D:10     | Reached skill level 9 in Invocations
  5989 | D:10     | Reached XP level 10. HP: 73/73 MP: 16/16
  6182 | D:9      | Noticed a centaur warrior
  6188 | D:9      | Killed a centaur warrior
  6405 | D:9      | Found a hazy altar of Hepliaklqana.
  6651 | D:8      | Reached ***** piety under Fedhas
  7068 | D:8      | Found a sacrificial altar of Ru.
  7106 | D:9      | Reached skill level 10 in Invocations
  7528 | D:10     | Noticed a death yak
  7528 | D:10     | Noticed a two-headed ogre
  7545 | D:9      | Killed a two-headed ogre
  7546 | D:9      | Reached XP level 11. HP: 62/79 MP: 16/18
  7569 | D:10     | Noticed a death yak
  7800 | D:10     | Reached skill level 10 in Polearms
  7959 | D:10     | Noticed a death yak
  8012 | D:10     | Killed a death yak
  8027 | D:10     | Killed a death yak
  8028 | D:10     | Reached skill level 11 in Invocations
  8028 | D:10     | Killed a death yak
  8029 | D:10     | Reached skill level 10 in Throwing
  8074 | D:10     | Found a staircase to the Lair.
  8207 | D:10     | Noticed Josephine
  8228 | D:10     | Killed Josephine
  8835 | D:11     | Noticed an ogre mage
  8836 | D:11     | Noticed a brown ugly thing
  8836 | D:11     | Noticed a five-headed hydra
  8856 | D:11     | Killed a five-headed hydra
  8858 | D:11     | Killed a brown ugly thing
  8907 | D:11     | Killed an ogre mage
  8908 | D:11     | Reached skill level 12 in Invocations
  8965 | D:11     | Identified the +1 pair of boots of Inaction {*Corrode rF+++
                  | rN+ Str+3}
  9012 | D:11     | Noticed a centaur warrior
  9028 | D:11     | Killed a centaur warrior
  9029 | D:11     | Reached XP level 12. HP: 34/85 MP: 21/21
  9128 | D:11     | Upgraded the game from 0.30-a0-321-gf7783e6616 to
                  | 0.30-a0-325-gb515db48ae
  9131 | D:11     | Noticed a fire dragon
  9143 | D:11     | Reached skill level 1 in Dodging
  9179 | D:11     | Killed a fire dragon
  9313 | D:11     | Noticed a two-headed ogre
  9320 | D:11     | Killed a two-headed ogre
  9424 | D:11     | Noticed a boulder beetle
  9432 | D:11     | Killed a boulder beetle
  9853 | D:12     | Reached skill level 5 in Fighting
  9953 | D:12     | Noticed a two-headed ogre
  9989 | D:12     | Killed a two-headed ogre
 10067 | D:12     | Found Tishrygesch's Weapon Shop.
 10132 | D:12     | Bought 4 silver boomerangs for 84 gold pieces
 10213 | D:12     | Reached skill level 5 in Dodging
 10273 | D:12     | Found a transporter.
 10289 | D:12     | Noticed Forip Xumo's ghost (journeyman NaIE)
 10361 | D:12     | Found a transporter.
 10447 | D:12     | Found a staircase to the Orcish Mines.
 10579 | D:12     | Noticed Nessos
 10591 | D:12     | Killed Nessos
 10817 | Lair:1   | Entered Level 1 of the Lair of Beasts
 10822 | Lair:1   | Noticed Sonja
 10826 | Lair:1   | Killed Sonja
 11700 | Lair:2   | Reached XP level 13. HP: 108/108 MP: 22/22
 11967 | Lair:2   | Found a corrupted altar of Lugonu.
 12016 | Lair:2   | Found a one-way gate to the infinite horrors of the Abyss.
 12212 | Lair:2   | You fall into a shaft and drop 2 floors!
 12234 | Lair:4   | Reached ****** piety under Fedhas
 12422 | Lair:4   | Found a frozen archway.
 12455 | Lair:4   | Killed from afar by an ice dragon

Illustrated notes

Levels and vault maps discovered:
D:1:      dpeg_arrival_orchard, layout_loops_ring, serial_shops,
          nicolae_diamond_shop
D:2:      layout_basic, shapermc_ecumenical_altar_flowoftime,
          supply_closet_lemuel
D:3:      layout_basic, serial_shops, nicolae_shop_advertising_works
          [nicolae_subvault_shop_adworks]
D:4:      layout_basic, serial_undead, serial_undead_c, serial_undead_c,
          serial_undead_d, serial_undead_a, chequers_arboretum, uniq_robin,
          uniq_blork_the_orc, uniq_edmund, uniq_natasha
D:5:      layout_cave_pools, minmay_temple_entry_enclosed_plants, uniq_eustachio
D:6:      layout_loops_ring, nicolae_overflow_hallway_of_the_gods, serial_shops,
          shop, cheibrodos_sewer_entry_bend,
          nicolae_concentric_dashed_squares_wild, hangedman_abyss_or_decor_stabs
D:7:      layout_basic, minmay_shop_chei, minmay_misc_feat_square,
          minmay_misc_feat_alley
D:8:      layout_rooms, nicolae_ru_the_path_less_chosen, serial_corexii_hall,
          chequers_hall_statues_wall_a, corexii_hall_statues_i
D:9:      layout_roguey, mainiacjoe_overflow_six_doors_small, st_stairs_4,
          kennysheep_just_a_vault
D:10:     layout_basic, dpeg_lair_monsters, kennysheep_generic_room_6,
          uniq_josephine
D:11:     minmay_cut_squares, layout_loops_corners
D:12:     layout_roguey, orc_0_dummy, gammafunk_ghost_berserking_beasts,
          st_stairs_8, minmay_shop_grid_forest, uniq_nessos
Lair:1:   layout_cave_pods, hangedman_lair_unloving_vines, serial_bayou_shore_a,
          uniq_sonja
Lair:2:   layout_regular_city, amcnicky_altar_lugonu_corruption
Lair:4:   layout_hall_layers, portal_ice_cave_entry_animals_and_master,
          grunt_megastairs_2

Skill      XL: |  1  2  3  4  5  6  7  8  9 10 11 12 13 |
---------------+----------------------------------------+-----
Throwing       | 2 3 4 5 6 8 9 10 | 10.9
Polearms       | 1 2 3 4 5 6 8 9 11 | 11.4
Invocations    | 2 4 5 6 9 10 12 | 12.2
Dodging        | 6 7 |  7.8
Fighting       | 8 9 |  9.6
Short Blades   | |  2.0
Stealth        | |  3.6

Action                   |  1- 3 |  4- 6 |  7- 9 | 10-12 | 13-15 || total
-------------------------+-------+-------+-------+-------+-------++-------
Melee: Dagger            |    40 |       |       |       |       ||    40
       Tailslap          |    12 |    11 |    14 |    47 |    17 ||   101
       Spear             |    70 |       |       |       |       ||    70
       Trident           |    21 |   126 |   202 |   400 |   103 ||   852
       Punch             |     1 |       |     1 |     4 |     1 ||     7
       Long sword        |       |       |       |    11 |       ||    11
       Glaive            |       |       |       |    10 |       ||    10
Throw: Dart              |     2 |    21 |    19 |    23 |       ||    65
       Stone             |     4 |     6 |     5 |       |       ||    15
       Boomerang         |       |     3 |     6 |     9 |     7 ||    25
       Javelin           |       |       |       |     3 |       ||     3
Invok: Wall of Briars    |       |       |       |     4 |     4 ||     8
       Grow Oklob        |       |       |       |     2 |       ||     2
       Grow Ballistomyce |       |       |       |     1 |       ||     1
 Abil: Breathe Steam     |       |       |    41 |    69 |    11 ||   121
Evoke: Wand              |       |       |     1 |     3 |       ||     4
  Use: Scroll            |     4 |     2 |     8 |     5 |     2 ||    21
       Potion            |       |     1 |       |     1 |     1 ||     3
 Stab: Sleeping          |    14 |     3 |    13 |     3 |     1 ||    34
       Distracted        |       |       |     1 |     1 |       ||     2
Armor: Skin              |    40 |    37 |    55 |   140 |    35 ||   307
Dodge: Dodged            |    62 |    60 |    99 |   168 |    54 ||   443

Table legend: (Time is in decaauts)
 A = Elapsed time spent in this place.
 B = Non-inter-level travel time spent in this place.
 C = Inter-level travel time spent in this place.
 D = Time resting spent in this place.
 E = Time spent auto-exploring this place.
 F = Levels seen in this place.
 G = Mean time per level.
                   A        B        C        D        E       F      G
               +--------+--------+--------+--------+--------+-----+--------+
         Total |  12428 |  11543 |    885 |    805 |   7877 |  16 |  776.8 |
       Dungeon |  10509 |   9668 |    841 |    754 |   6701 |  12 |  875.8 |
          Lair |   1620 |   1576 |     44 |     48 |   1106 |   3 |  540.0 |
         Sewer |    298 |    298 |      0 |      2 |     69 |   1 |  298.0 |
               +--------+--------+--------+--------+--------+-----+--------+

Top non-repeatable levels by time:
    D:11: 1431 daAuts
     D:4: 1111 daAuts
    D:10: 1072 daAuts
     D:9: 1006 daAuts
     D:1: 951 daAuts
     D:6: 928 daAuts
     D:2: 872 daAuts
    D:12: 835 daAuts
  Lair:1: 766 daAuts
     D:7: 761 daAuts
  Lair:2: 632 daAuts
     D:5: 596 daAuts
     D:8: 481 daAuts
     D:3: 461 daAuts
   Sewer: 298 daAuts
